 Dungeon Crawl Stone Soup version 0.22-a0-196-gee22f27 (webtiles) character file.

5409 b5mith the Spear-Bearer (level 10, -2/82 HPs)
             Began as a Human Berserker on Feb 16, 2018.
             Was a High Priest of Trog.
             Slain by a fire bat (9 damage)
             ... on level 8 of the Dungeon.
             The game lasted 00:42:38 (9165 turns).

b5mith the Spear-Bearer (Human Berserker)           Turns: 9165, Time: 00:42:38

Health: -2/82      AC: 16    Str: 20    XL:     10   Next: 99%
Magic:  10/10      EV: 16    Int:  7    God:    Trog [*****.]
Gold:   384        SH:  0    Dex: 14    Spells: 9/9 levels left

rFire    . . .     SeeInvis .   t - +0 spear (vamp)
rCold    . . .     Gourm    +   (no shield)
rNeg     . . .     Faith    .   J - +4 ring mail
rPois    .         Spirit   .   B - +0 helmet
rElec    +         Reflect  .   d - +0 cloak
rCorr    .         Harm     .   f - +0 pair of gloves
MR       .....                  (no boots)
Stlth    +.........             x - amulet of the gourmand
HPRegen  0.23/turn              (no ring)
MPRegen  0.12/turn              (no ring)

@: very slightly contaminated
A: molten scales 1, thin skeletal structure 1, dopey 1, electricity resistance
a: Berserk, Trog's Hand, Brothers in Arms, Burn Spellbooks, Renounce Religion


You were on level 8 of the Dungeon.
You worshipped Trog.
Trog was extremely pleased with you.
You were full.

You visited 1 branch of the dungeon, and saw 8 of its levels.

You collected 384 gold pieces.

Inventory:

Hand Weapons
 t - a +0 vampiric spear (weapon)
Missiles
 N - 2 tomahawks (quivered)
Armour
 d - a +0 cloak (worn)
 f - a +0 pair of gloves (worn)
 B - a +0 helmet (worn)
 F - the +11 scale mail of the Thunderstorm {Int+9}
   (You found it on level 4 of the Dungeon)

   It affects your intelligence (+9).
 J - a +4 ring mail (worn)
Jewellery
 x - an amulet of the gourmand (around neck)
 C - an uncursed amulet of the acrobat
Wands
 i - a wand of clouds (6)
 n - a wand of acid (7)
 w - a wand of iceblast (12)
 y - a wand of random effects (24)
 E - a wand of disintegration (24)
 L - a wand of flame (21)
Scrolls
 h - 4 scrolls of enchant armour
 j - a scroll of identify {@r1}
 o - a scroll of noise {unknown}
 p - a scroll of blinking
 q - 2 scrolls of magic mapping
 s - 2 scrolls of enchant weapon {unknown}
 v - 6 scrolls of remove curse {@r2}
 D - a scroll of immolation {unknown}
 G - a scroll of acquirement {unknown}
 I - a scroll of fog {unknown}
Potions
 b - a potion of ambrosia {unknown}
 e - a potion of lignification {unknown}
 g - 3 potions of brilliance
 k - a potion of flight {unknown}
 l - 2 potions of haste
 m - 2 potions of mutation
 r - a potion of heal wounds
 u - 2 potions of curing {@q1}
 z - 2 potions of berserk rage {unknown}
 A - a potion of degeneration {unknown}
Books
 a - a book of Misfortune

   Spells                             Type                      Level
   a - Confusing Touch                Hexes                        1
   b - Confuse                        Hexes                        3
   c - Gell's Gravitas                Translocation                3
   d - Petrify                        Transmutation/Earth          4
   e - Metabolic Englaciation         Hexes/Ice                    5
   f - Yara's Violent Unravelling     Hexes/Transmutation          5
   Trog disapproves of the use of such an item.
 H - a book of Cantrips

   Spells                             Type                      Level
   a - Confusing Touch                Hexes                        1
   b - Animate Skeleton               Necromancy                   1
   c - Summon Small Mammal            Summoning                    1
   d - Apportation                    Translocation                1
   Trog disapproves of the use of such an item.
Comestibles
 c - 16 rations


   Skills:
 + Level 8.4 Fighting
 + Level 8.4 Polearms
 + Level 8.0 Armour
 + Level 8.1 Dodging


You had 9 spell levels left.
You didn't know any spells.

Dungeon Overview and Level Annotations

Branches:
Dungeon (8/15)             Temple (0/1) D:6
   Lair: D:8-11

Altars:
Ashenzari
Cheibriados
Dithmenos
Elyvilon
Gozag
Hepliaklqana
Kikubaaqudgha
Nemelex Xobeh
Qazlal
Sif Muna
Vehumet
Yredelemnul

Portals:
Ossuary: D:4


Innate Abilities, Weirdness & Mutations

You are partially covered in molten scales. (AC +2)
You have a somewhat thin skeletal structure. (Dex +2, Stealth)
You are dopey. (Int -2)
You are resistant to electric shocks. (rElec)


Message History

Molten scales grow over part of your body.
You feel insulated. The hell hound bites you!
* * * LOW HITPOINT WARNING * * *
You see here a stone.
The hell hound barely misses you.
You see here a stone.
The hell hound misses you. The hell hound closely misses you.
The hell hound breathes flames at you. The blast of flame misses you.
Blink to where?
Press: ? - help, Dir - move target cursor You are very lightly contaminated with residual magic.
As you read the scroll of blinking, it crumbles to dust.
The hell hound stops to sniff the ground.
The fire bat bites you.
* * * LOW HITPOINT WARNING * * *
You are engulfed in flames!
You die...

..# #........#.....#..# v..b§.#..
### #......#...._.....# ≈v≈≈. #..
#####......###.....#..# .h≈≈ #(#
...........# #§...§#..# .b. #(#
...........#####.###..# #. #(#
...........##.........# : #(#
...........##....##...# #.#
...........##....##.###########(#
......####.##...@##.##...#b.....#
......# #.##....b..##...#.###...
......# #.##....##)h....§...#...
......# #.##...........b..#.#...
......# #.##..............#.#...
[..<..# #.##....%.......###.#...
####### #.##................#...
#.##.#..........#####..#
##########.##.#........<........#


You could see a hell hound and a fire bat.

Vanquished Creatures
  A two-headed ogre (D:8)
  Pikel (D:6)
  The ghost of Partyfoot the Skirmisher, a novice DsGl (D:7)
  A centaur zombie (D:6)
  A troll (D:7)
  Grinder (D:6)
  A fire bat (D:8)
  A water moccasin (D:6)
  An orc warrior (D:6)
  A slave (D:6)
  2 black bears (D:6)
  5 ogres
  3 centaurs
  2 big kobolds
  9 bullfrogs
  A scorpion (D:6)
  3 killer bees (D:7)
  5 wights (D:7)
  3 howler monkeys
  A crimson imp (D:5)
  A bullfrog zombie (D:5)
  2 hounds
  2 orc priests
  4 orc wizards
  A bullfrog skeleton (D:6)
  Ijyb (D:3)
  An iguana (D:5)
  7 worker ants
  4 gnolls (D:3)
  8 adders
  A shadow imp (D:7)
  An ooze (D:1)
  An adder skeleton (D:7)
  An adder zombie (D:7)
  A worm (D:2)
  5 dart slugs
  7 leopard geckos
  27 orcs
  2 bat zombies (D:5)
  4 giant cockroaches
  8 goblins
  5 hobgoblins
  12 jackals
  3 quokkas
  3 ball pythons
  8 bats
  5 frilled lizards
  A jackal skeleton (D:4)
  12 kobolds
  A leopard gecko zombie (D:6)
  A quokka zombie (D:4)
  6 rats
  A rat zombie (D:5)
191 creatures vanquished.

Vanquished Creatures (others)
  A scorpion (D:6)
  A bullfrog zombie (D:6)
  An orc priest (D:6)
  An orc wizard (D:8)
  A mummy (D:6)
5 creatures vanquished.

Grand Total: 196 creatures vanquished

Notes
Turn   | Place    | Note
-------+----------+-------------------------------------------
     0 | D:1      | b5mith the Human Berserker began the quest for the Orb.
     0 | D:1      | Reached XP level 1. HP: 18/18 MP: 1/1
   167 | D:1      | Reached XP level 2. HP: 24/24 MP: 2/2
   348 | D:1      | Reached XP level 3. HP: 21/29 MP: 3/3
   733 | D:1      | Reached ** piety under Trog
  1217 | D:2      | Reached XP level 4. HP: 35/35 MP: 4/4
  1491 | D:2      | Found a deep blue altar of Sif Muna.
  1497 | D:2      | Found a shattered altar of Ashenzari.
  1498 | D:2      | Found a snail-covered altar of Cheibriados.
  1505 | D:2      | Found a shadowy altar of Dithmenos.
  1508 | D:2      | Found a radiant altar of Vehumet.
  1840 | D:3      | Reached XP level 5. HP: 42/42 MP: 5/5
  2024 | D:3      | Noticed Ijyb
  2057 | D:3      | Killed Ijyb
  2269 | D:3      | Reached *** piety under Trog
  2294 | D:3      | Reached XP level 6. HP: 42/48 MP: 6/6
  2359 | D:3      | Found a white marble altar of Elyvilon.
  3507 | D:4      | Found a sand-covered staircase.
  3535 | D:4      | Got a jewelled scale mail
  3550 | D:4      | Identified the +11 scale mail of the Thunderstorm {Int+9} (You found it on level 4 of the Dungeon)
  3652 | D:5      | Entered Level 5 of the Dungeon
  3678 | D:5      | Noticed an ogre
  3687 | D:5      | Killed an ogre
  3687 | D:5      | Reached XP level 7. HP: 55/55 MP: 7/7
  4280 | D:5      | Reached skill level 5 in Polearms
  4290 | D:5      | Reached skill level 5 in Fighting
  4352 | D:5      | Reached XP level 8. HP: 58/62 MP: 8/8
  4383 | D:5      | Reached **** piety under Trog
  4437 | D:5      | Found an opulent altar of Gozag.
  4596 | D:5      | Found an ancient bone altar of Kikubaaqudgha.
  4900 | D:6      | Reached skill level 5 in Armour
  4900 | D:6      | Reached skill level 5 in Dodging
  4956 | D:6      | Reached XP level 9. HP: 45/69 MP: 9/9
  5140 | D:6      | Noticed Pikel
  5191 | D:6      | Killed Pikel
  5239 | D:6      | Found a sparkling altar of Nemelex Xobeh.
  5366 | D:6      | Gained mutation: You are robust. (+10% HP) [potion of mutation]
  5366 | D:6      | Gained mutation: Your system is resistant to poisons. (rPois) [potion of mutation]
  5832 | D:6      | Found a snail-covered altar of Cheibriados.
  6000 | D:6      | Found a staircase to the Ecumenical Temple.
  6055 | D:6      | Noticed Grinder
  6061 | D:6      | Paralysed by Grinder for 7 turns
  6100 | D:6      | Killed Grinder
  6301 | D:7      | Noticed Partyfoot's ghost (novice DsGl)
  6326 | D:7      | Killed Partyfoot's ghost
  6326 | D:7      | Reached XP level 10. HP: 86/86 MP: 10/10
  6542 | D:7      | Reached ***** piety under Trog
  7522 | D:7      | Found a hazy altar of Hepliaklqana.
  8233 | D:8      | Noticed a two-headed ogre
  8280 | D:8      | Noticed a two-headed ogre
  8591 | D:8      | Found a basalt altar of Yredelemnul.
  8771 | D:8      | Killed a two-headed ogre
  9023 | D:8      | Found a stormy altar of Qazlal.
  9151 | D:8      | Lost mutation: You are robust. (+10% HP) [potion of mutation]
  9151 | D:8      | Lost mutation: Your system is resistant to poisons. (rPois) [potion of mutation]
  9151 | D:8      | Gained mutation: You are dopey. (Int -2) [potion of mutation]
  9151 | D:8      | Gained mutation: You have a somewhat thin skeletal structure. (Dex +2, Stealth) [potion of mutation]
  9151 | D:8      | Gained mutation: You are partially covered in molten scales. (AC +2) [potion of mutation]
  9151 | D:8      | Gained mutation: You are resistant to electric shocks. (rElec) [potion of mutation]
  9165 | D:8      | Slain by a fire bat

Vault maps used:
D:1:      onia_arrival_pentagram, serial_bayou_pond_b, kennysheep_another_room
D:2:      minitemple, minmay_cupped
D:3:      lemuel_doored_altar, first_ration, uniq_ijyb
D:4:      enter_ossuary_5
D:5:      lemuel_zombie_altar_kikubaaqudgha, basic_altar, minmay_misc_feat_chi
D:6:      nemelex_xobeh_ov_fountains_minmay, temple_fountains,
          chei_slow_surprise, uniq_pikel, uniq_grinder
D:7:      lemuel_crystal_altar, grunt_ogre_cave,
          eino_small_chamber_without_monster
D:8:      kennysheep_mini_moat, grunt_qazlal_clouds, hangedman_incinerator

Skill      XL: |  1  2  3  4  5  6  7  8  9 10 |
---------------+-------------------------------+-----
Armour         | 3 4 5 6 8 |  8.0
Dodging        | 3 4 5 6 8 |  8.1
Polearms       | 4 5 6 7 8 |  8.4
Fighting       | 4 5 6 7 8 |  8.4

Action                   |  1- 3 |  4- 6 |  7- 9 | 10-12 || total
-------------------------+-------+-------+-------+-------++-------
Melee: Spear             |   132 |   417 |   542 |   533 ||  1624
Throw: Stone             |    29 |    44 |    11 |       ||    84
       Tomahawk          |       |       |    17 |    17 ||    34
Invok: Berserk           |       |       |     2 |     2 ||     4
Evoke: Wand              |       |       |       |     1 ||     1
  Use: Scroll            |     1 |     7 |     1 |     5 ||    14
       Potion            |       |       |     1 |     6 ||     7
 Stab: Distracted        |       |       |     1 |       ||     1
  Eat: Ration            |     1 |     1 |       |       ||     2
       Chunk             |       |    22 |     9 |    14 ||    45
Armor: Animal skin       |     5 |       |       |       ||     5
       Chain mail        |    88 |   215 |       |       ||   303
       Scale mail        |       |     2 |   192 |     8 ||   202
       Ring mail         |       |       |       |   122 ||   122
Dodge: Dodged            |    46 |   153 |   239 |   332 ||   770

Table legend:
 A = Spawn XP
 B = Non-spawn XP
 C = Spawn XP percentage of total XP
 D = Spawn monster count
 E = Non-spawn monster count
 F = Spawn count percentage of total count
 G = Total turns spent on level
                    A         B        C        D         E        F      G
               +---------+---------+-------+---------+---------+-------+---------
         Total |       0 |    7728 |   0.0 |       0 |     190 |   0.0 |  9165
               +---------+---------+-------+---------+---------+-------+---------
           D:1 |       0 |      56 |   0.0 |       0 |      28 |   0.0 |  1083
           D:2 |       0 |      78 |   0.0 |       0 |      21 |   0.0 |   719
           D:3 |       0 |     212 |   0.0 |       0 |      34 |   0.0 |  1325
           D:4 |       0 |     138 |   0.0 |       0 |      10 |   0.0 |   525
           D:5 |       0 |     595 |   0.0 |       0 |      23 |   0.0 |  1184
           D:6 |       0 |    2584 |   0.0 |       0 |      26 |   0.0 |  1465
           D:7 |       0 |    2105 |   0.0 |       0 |      31 |   0.0 |  1522
           D:8 |       0 |    1960 |   0.0 |       0 |      17 |   0.0 |  1342
               +---------+---------+-------+---------+---------+-------+---------
